 Dungeon Crawl Stone Soup version 0.28.0 (webtiles) character file.

Game seed: 17284715360838730813

4 GrayStillPlays the Conjurer (level 1, -1/16 HPs)
             Began as an Ogre Conjurer on Feb 8, 2022.
             Slain by a hobgoblin (3 damage)
             ... on level 2 of the Dungeon.
             The game lasted 00:00:37 (301 turns).

GrayStillPlays the Conjurer (Ogre Conjurer)          Turns: 301, Time: 00:00:38

Health: -1/16      AC:  3    Str: 10    XL:     1   Next: 60%
Magic:  4/4        EV:  9    Int: 19    God:
Gold:   17         SH:  0    Dex:  7    Spells: 4/5 levels left

rFire   . . .      SeeInvis .   b - +0 dagger {short}
rCold   . . .      Faith    .   (no shield)
rNeg    . . .      Spirit   .   a - +0 robe
rPois   .          Reflect  .   (helmet restricted)
rElec   .          Harm     .   (no cloak)
rCorr   .          Rampage  .   (gloves unavailable)
Will    .....                   (boots unavailable)
Stlth   +.........              (no amulet)
HPRegen 0.05/turn               (no ring)
MPRegen 0.09/turn               (no ring)

@: no status effects
A: large, unfitting armour, tough skin 1
a: no special abilities


You were on level 2 of the Dungeon.
You visited 1 branch of the dungeon, and saw 2 of its levels.

You collected 17 gold pieces.


Innate Abilities, Weirdness & Mutations

You are too large for most types of armour.
You have tough skin. (AC +1)


   Skills:
 + Level 1.9 Dodging
 - Level 1.4 Stealth
 + Level 2.5 Spellcasting
 + Level 3.7 Conjurations


You had 4 spell levels left.
You knew the following spells:

 Your Spells              Type           Power      Damage    Failure   Level
a - Magic Dart            Conj           64%        1d6       3%          1

Your spell library contained the following spells:

 Spells                   Type           Power      Damage    Failure   Level
 Searing Ray              Conj           32%        2d5       5%          2
 Animate Skeleton         Necr           4%         N/A       16%         1
 Pain                     Necr           8%         1d4       16%         1
 Dazzling Flash           Conj/Hex       18%        N/A       22%         3
 Vampiric Draining        Necr           2%         2d6       43%         3
 Fulminant Prism          Conj/Hex       4%         3d6       58%         4
 Iskenderun's Mystic Bla  Conj/Tloc      9%         2d4       58%         4

Inventory:

Hand Weapons
 b - a +0 dagger (weapon) {short}
   (You found it on level 1 of the Dungeon)
Armour
 a - a +0 robe (worn)
Scrolls
 c - a scroll of identify {unknown}

Dungeon Overview and Level Annotations

Branches:
Dungeon (1/15)

Altars:

........!....#
).............#
..............#
..............+
K.............#
........w.....#
.............$#
...........g..#######
..........b@........#
....................#
....................#
....................#
.###########........#
#........#
#รท.......#
#........# #######..#


You could see a worm, a hobgoblin and a bat.


Message History

* * * LOW HITPOINT WARNING * * *
๐Ÿ˜จ HP[-2]
You take 2 damage, and now have 6/16 hp.
You hit the endoplasm. The endoplasm freezes you.
You are frozen.
* * * LOW HITPOINT WARNING * * *
๐Ÿ˜จ HP[-1]
You take 1 damage, and now have 5/16 hp.
You hit the endoplasm.
You kill the endoplasm!
An endoplasm comes into view.
The endoplasm quivers. ๐Ÿ˜Ž HP[+11] MP[+1]
Your hp is fully restored (16).
Your mp is fully restored (4).
An endoplasm is nearby!
An endoplasm is nearby!
The endoplasm hits you but does no damage.
You hit the endoplasm.
The endoplasm hits you but does no damage.
You completely miss the endoplasm. The endoplasm freezes you.
You are frozen. ๐Ÿ˜• HP[-3]
You take 3 damage, and now have 13/16 hp.
You barely miss the endoplasm.
The endoplasm hits you but does no damage.
You hit the endoplasm. The endoplasm hits you. ๐Ÿ˜ฎ HP[-1]
You take 1 damage, and now have 12/16 hp.
You are too injured to fight recklessly!
You are too injured to fight recklessly!
You are too injured to fight recklessly!
You are too injured to fight recklessly!
You hit the endoplasm but do no damage. The endoplasm barely misses you.
You hit the endoplasm.
The endoplasm hits you but does no damage.
You hit the endoplasm but do no damage. The endoplasm freezes you.
You are frozen. ๐Ÿ˜ฎ HP[-3]
You take 3 damage, and now have 9/16 hp.
You completely miss the endoplasm. The endoplasm hits you.
* * * LOW HITPOINT WARNING * * *
You hit the endoplasm.
The endoplasm closely misses you. ๐Ÿ˜จ HP[-3]
You take 3 damage, and now have 6/16 hp.
You hit the endoplasm.
You kill the endoplasm! ๐Ÿ˜จ HP[+1]
A bat comes into view.
You miss the bat. The bat hits you but does no damage.
The bat hits you but does no damage.
A kobold comes into view. It is wielding a +0 short sword.
The bat hits you but does no damage. The bat hits you but does no damage.
You are too injured to fight recklessly!
You are too injured to fight recklessly!
You are too injured to fight recklessly!
A worm comes into view.
The bat barely misses you.
You are too injured to fight recklessly!
The bat barely misses you. The bat closely misses you.
You are too injured to fight recklessly!
You are too injured to fight recklessly!
A hobgoblin comes into view.
The hobgoblin shouts!
The bat hits you.
* * * LOW HITPOINT WARNING * * *
The bat hits you but does no damage. ๐Ÿ˜จ HP[-1]
You take 1 damage, and now have 6/16 hp.
You are too injured to fight recklessly!
You are too injured to fight recklessly!
The bat hits you but does no damage.
You are too injured to fight recklessly!
The bat hits you but does no damage.
You are too injured to fight recklessly!
The bat hits you but does no damage.
You hit the bat. The bat closely misses you.
The bat hits you but does no damage. The bat hits you but does no damage. x2
You barely miss the bat. The bat hits you but does no damage.
You barely miss the bat. The bat closely misses you. The hobgoblin hits you.
* * * LOW HITPOINT WARNING * * *
๐Ÿ˜จ HP[-1]
You take 1 damage, and now have 5/16 hp.
You completely miss the hobgoblin. The bat hits you but does no damage.
The hobgoblin hits you.
* * * LOW HITPOINT WARNING * * *
๐Ÿ˜ฑ HP[-2]
You take 2 damage, and now have 3/16 hp.
You hit the bat but do no damage. The bat closely misses you.
The hobgoblin hits you.
* * * LOW HITPOINT WARNING * * *
๐Ÿ˜ฑ HP[-1]
You take 1 damage, and now have 2/16 hp.
You hit the hobgoblin. The bat hits you but does no damage.
The hobgoblin hits you.
You die...

Action                   || total
-------------------------++-------
Melee: Dagger            ||    24
 Stab: Sleeping          ||     1
Armor: Robe              ||    18
Dodge: Dodged            ||     9

Levels and vault maps discovered:
D:1:      scummos_arrival_gate, layout_loops_ring, basic_ecumenical_altar,
          minmay_misc_feat_secret_circle, chequers_serial_rivers_room_b
D:2:      layout_basic, uniq_terence, uniq_crazy_yiuf_cottage, uniq_sigmund

Notes
Turn   | Place    | Note
-------+----------+-------------------------------------------
     0 | D:1      | GrayStillPlays the Ogre Conjurer began the quest for the
                  | Orb.
     0 | D:1      | Reached XP level 1. HP: 16/16 MP: 3/3
     0 | D:1      | magus.rc [v1.9.6]
    32 | D:1      | You pick up a book of Necromancy and begin reading...
    32 | D:1      | You add the spells Pain, Animate Skeleton and Vampiric
                  | Draining to your library.
    43 | D:1      | You fall into a shaft and drop 1 floor!
   299 | D:2      | HP: 3/16 [hobgoblin (2)]
   301 | D:2      | Slain by a hobgoblin

Vanquished Creatures
  A bat (D:2)
  2 endoplasms (D:2)
3 creatures vanquished.

Table legend:
 A = Non-vault XP
 B = Vault XP
 C = Vault XP percentage of total XP
 D = Non-vault monster count
 E = Vault monster count
 F = Vault count percentage of total count
                 A         B        C        D         E       F
            +---------+---------+-------+---------+---------+-------
      Total |       6 |       0 |   0.0 |       3 |       0 |   0.0
            +---------+---------+-------+---------+---------+-------
        D:2 |       6 |       0 |   0.0 |       3 |       0 |   0.0
            +---------+---------+-------+---------+---------+-------

Illustrated notes

Table legend:
 A = Kills in this place as a percentage of kills in entire the game.
 B = Kills by you in this place as a percentage of kills by you in the entire game.
 C = Kills by friends in this place as a percentage of kills by friends in the entire game.
 D = Other kills in this place as a percentage of other kills in the entire game.
 E = Experience gained in this place as a percentage of experience gained in the entire game.
 F = Experience gained in this place divided by the number of levels of this place that you have seen.
                   A       B       C       D       E      F
               +-------+-------+-------+-------+-------+----------------------
         Total | 100.0 | 100.0 |   N/A |   N/A | 100.0 |   3.0
       Dungeon | 100.0 | 100.0 |   N/A |   N/A | 100.0 |   3.0
               +-------+-------+-------+-------+-------+----------------------

Table legend: (Time is in decaauts)
 A = Elapsed time spent in this place.
 B = Non-inter-level travel time spent in this place.
 C = Inter-level travel time spent in this place.
 D = Time resting spent in this place.
 E = Time spent auto-exploring this place.
 F = Levels seen in this place.
 G = Mean time per level.
                   A        B        C        D        E       F      G
               +--------+--------+--------+--------+--------+-----+--------+
         Total |    300 |    300 |      0 |      0 |    249 |   2 |  150.0 |
       Dungeon |    300 |    300 |      0 |      0 |    249 |   2 |  150.0 |
               +--------+--------+--------+--------+--------+-----+--------+

Top non-repeatable levels by time:
     D:2: 257 daAuts
     D:1: 42 daAuts
